cohdb
Replays
Latest Replays
All Replays
Popular Replays
Top Player Replays
Match Explorer
How It Works
Community
CoH3 Stats
Reddit
Sign in to upload your games and track your stats! →
Sign in with Steam
Match 40849279
Unlisted
Match 40849279
Overview
Messages
Build Orders
End
Construct Section Command Post
Dingo Light Scout Car
Infantry Section
Infantry Section
Infantry Section
Construct Platoon Command Post
Unlock M3 Stuart Light Tanks
M3 Stuart Light Tank
M3 Stuart Light Tank
Light Vehicle Training
M3 Stuart Light Tank
Selects Heavy Armor Battlegroup
Selects Light Vehicle Withdraw and Refit
Selects Radio Net
Selects Recon Artillery
Vickers Machine Gun Team
6-pounder Anti-tank Gun Team
Light Vehicle Withdraw and Refit
Radio Net
Light Vehicle Withdraw and Refit
Construct Company Command Post
Unlock M3 Grant Medium Tanks
Recon Artillery
カルト_くん
JVevermore
Monkey CPU
L1mbo
k7ol
Depthz
RAZER
Gambison
0
0
Comments
sign in to comment!
No comments posted yet!